 Dungeon Crawl Stone Soup version 0.27.1-4-g1640c2035a (webtiles) character file.

Game seed: 6138321235648972632

544 MisterFreud the Fighter (level 7, -1/68 HPs)
             Began as a Minotaur Abyssal Knight on Nov 1, 2021.
             Was a Priest of Lugonu.
             Slain by a killer bee (5 damage)
             ... on level 4 of the Dungeon on Nov 2, 2021.
             The game lasted 00:05:08 (5077 turns).

MisterFreud the Fighter (Minotaur Abyssal Knight)   Turns: 5077, Time: 00:05:08

Health: -1/68      AC: 10    Str: 23    XL:     7   Next: 6%
Magic:  7/7        EV:  8    Int:  9    God:    Lugonu [***...]
Gold:   128        SH:  0    Dex: 11    Spells: 6/6 levels left

rFire    . . .     SeeInvis .   a - +2 falchion
rCold    . . .     Faith    .   (no shield)
rNeg     . . .     Spirit   .   r - +0 chain mail
rPois    .         Reflect  .   (helmet restricted)
rElec    .         Harm     .   (no cloak)
rCorr    .         Rampage  .   (no gloves)
Will     .....                  (no boots)
Stlth    ..........             v - amulet of magic regeneration
HPRegen  0.21/turn              i - +6 ring of strength
MPRegen  0.35/turn              (no ring)

@: lethally poisoned (-1 -> -18), hasted, very quick
A: horns 2, retaliatory headbutt
a: Renounce Religion, Depart the Abyss, Bend Space, Banish


You were on level 4 of the Dungeon.
You worshipped Lugonu.
Lugonu was most pleased with you.
You visited 1 branch of the dungeon, and saw 5 of its levels.
You visited the Abyss 1 time.

You collected 128 gold pieces.

Inventory:

Hand Weapons
 a - a +2 falchion (weapon)
 j - a +2 short sword of holy wrath
 n - a +2 short sword of protection
Missiles
 k - 4 javelins
 t - 10 poisoned darts
Armour
 b - a +0 leather armour
 r - a +0 chain mail (worn)
Jewellery
 i - a +6 ring of strength (left hand)
 v - an amulet of magic regeneration (around neck)
Scrolls
 c - a scroll of noise {unknown}
 e - a scroll of fear {unknown}
 h - 2 scrolls of enchant weapon
 l - 3 scrolls of fog {unknown}
 o - a scroll of amnesia {unknown}
 p - 2 scrolls of enchant armour {unknown}
 q - 2 scrolls of identify {unknown}
 w - a scroll of teleportation {unknown}
Potions
 f - a potion of might
 m - a potion of heal wounds {unknown}
 s - a potion of cancellation {unknown}
 u - a potion of lignification {unknown}


   Skills:
 - Level 8.0 Fighting
 - Level 2.8 Long Blades
 + Level 5.8 Armour
 - Level 1.1 Dodging
 - Level 1.7 Invocations


You had 6 spell levels left.
You didn't know any spells.
Your spell library contained the following spells:

 Spells                   Type           Power      Damage    Failure   Level
 Slow                     Hex            0%         N/A       99%         2
 Confusing Touch          Hex            0%         N/A       100%        3
 Vampiric Draining        Necr           0%         2d6       100%        3


Dungeon Overview and Level Annotations

Branches:
Dungeon (5/15)
 Temple: D:4-7

Altars:
Cheibriados
Hepliaklqana
Ru


Innate Abilities, Weirdness & Mutations

You have a pair of horns on your head.
You reflexively headbutt those who attack you in melee.


Message History

The killer bee is heavily wounded.
You feel sick. The killer bee stings you!
You are more poisoned.
The killer bee poisons you! The killer bee closely misses you.
The killer bee stings you!
You are more poisoned.
The killer bee poisons you! The killer bee closely misses you. x2
You are too injured to fight recklessly!
You hit the killer bee but do no damage.
Your headbutt misses the killer bee.
The killer bee is heavily wounded.
* * * LOW HITPOINT WARNING * * *
You feel very sick. The killer bee barely misses you. You furiously retaliate!
You headbutt the killer bee, but do no damage.
The killer bee stings you.
* * * LOW HITPOINT WARNING * * *
The killer bee barely misses you. The killer bee closely misses you.
The killer bee stings you but does no damage.
Unknown command.
You closely miss the killer bee.
The killer bee is heavily wounded.
* * * LOW HITPOINT WARNING * * *
You feel very sick.
The killer bee stings you but does no damage. x2
The killer bee closely misses you.
The killer bee stings you but does no damage.
Unknown command.
Unknown command.
It was a potion of haste.
You feel yourself speed up.
* * * LOW HITPOINT WARNING * * *
You feel very sick. The killer bee stings you.
* * * LOW HITPOINT WARNING * * *
The killer bee stings you but does no damage.
The killer bee stings you.
* * * LOW HITPOINT WARNING * * *
You are more poisoned.
The killer bee poisons you! The killer bee stings you.
You die...

#....^....# ####........##
#..##....#..#
#......###..#
##..###.....#####
###.####....##..##
##.....#.....#...##
..................#
....#.#.........@y## ###
....###.....>..y#..###.##
.....##...........###...##
.....###............#....#
....).###..........[#....#
......##......###...(....#
.............###.........#
.......##....##.........##
.............##...####..#


You could see 2 killer bees.

Vanquished Creatures
  A bullfrog (D:4)
  A scorpion (D:4)
  3 killer bees (D:4)
  A hound (D:4)
  Natasha (thrice) (D:4)
  Robin (D:2)
  3 adders
  A gnoll (D:4)
  A shadow imp (D:4)
  A white imp (D:4)
  An ufetubus (D:5)
  2 worms
  3 dart slugs
  9 orcs (D:4)
  11 endoplasms
  5 giant cockroaches
  11 hobgoblins
  3 jackals (D:2)
  2 quokkas (D:1)
  6 ball pythons
  3 bats
  5 frilled lizards
  17 goblins
  7 kobolds
  3 rats
104 creatures vanquished.

Notes
Turn   | Place    | Note
-------+----------+-------------------------------------------
     0 | Abyss:1  | MisterFreud the Minotaur Abyssal Knight began the quest for
                  | the Orb.
     0 | Abyss:1  | Reached XP level 1. HP: 19/19 MP: 1/1
     6 | D:1      | Escaped the Abyss
   205 | D:1      | Reached skill level 4 in Fighting
   239 | D:1      | Reached XP level 2. HP: 27/27 MP: 2/2
   744 | D:1      | Found a faded altar of an unknown god.
   977 | D:1      | Reached ** piety under Lugonu
  1056 | D:1      | Reached XP level 3. HP: 34/34 MP: 3/3
  1299 | D:2      | Reached skill level 5 in Fighting
  1306 | D:2      | Noticed Robin
  1337 | D:2      | Killed Robin
  1339 | D:2      | Reached XP level 4. HP: 9/42 MP: 4/4
  2249 | D:2      | Reached skill level 6 in Fighting
  2669 | D:3      | Found a snail-covered altar of Cheibriados.
  2669 | D:3      | Found a hazy altar of Hepliaklqana.
  2669 | D:3      | Found a sacrificial altar of Ru.
  3301 | D:3      | You fall into a shaft and drop 1 floor!
  3368 | D:4      | Reached *** piety under Lugonu
  3390 | D:4      | Noticed Natasha
  3397 | D:4      | Killed Natasha
  3398 | D:4      | Reached XP level 5. HP: 39/51 MP: 5/5
  3971 | D:4      | Reached skill level 7 in Fighting
  3973 | D:4      | Reached XP level 6. HP: 26/60 MP: 6/6
  4372 | D:4      | Noticed Natasha
  4376 | D:4      | Killed Natasha
  4376 | D:4      | Noticed Natasha
  4391 | D:4      | Killed Natasha
  4392 | D:4      | Reached skill level 8 in Fighting
  4792 | D:5      | Entered Level 5 of the Dungeon
  4808 | D:4      | Reached skill level 5 in Armour
  5058 | D:4      | Reached XP level 7. HP: 65/68 MP: 7/7
  5077 | D:4      | Slain by a killer bee

Illustrated notes

Levels and vault maps discovered:
D:1:      lightli_arrival_chessboard, layout_loops_corners,
          shapermc_ecumenical_altar_starsandcircs
D:2:      layout_basic, uniq_robin
D:3:      layout_basic, chequers_temple_overflow_statue_of_worship
D:4:      layout_cave_pools, minmay_divided_ellipse, uniq_natasha
D:5:      layout_rooms, elyvilon_altar_1, mainiacjoe_overflow_catch_the_wave

Skill      XL: |  1  2  3  4  5  6 |
---------------+-------------------+-----
Fighting       | 4 5 6 7 8 |  8.0
Armour         | 3 4 5 |  5.8
Long Blades    | |  2.8
Dodging        | |  1.1
Invocations    | |  1.7

Action                   |  1- 3 |  4- 6 |  7- 9 || total
-------------------------+-------+-------+-------++-------
Melee: Falchion          |    88 |   141 |     4 ||   233
       Headbutt          |    15 |    32 |       ||    47
  Use: Potion            |       |     2 |     1 ||     3
       Scroll            |       |     1 |       ||     1
Armor: Leather armour    |    18 |     6 |       ||    24
       Chain mail        |       |    93 |     9 ||   102
Dodge: Dodged            |    50 |    84 |    10 ||   144
       Rpst.: Falchion   |    20 |    25 |       ||    45
